 Dungeon Crawl Stone Soup version 0.31-a0-435-g2c6fae2916 (webtiles) character file.

Game seed: 6935563791561662332

233 Ethylacetat the Changeling (level 6, -1/41 HPs)
             Began as an Octopode Shapeshifter on Aug 1, 2023.
             Killed from afar by an orc wizard (9 damage)
             ... with a puff of flame
             ... on level 3 of the Dungeon.
             The game lasted 00:03:54 (1913 turns).

Ethylacetat the Changeling (Octopode Shapeshifter)  Turns: 1913, Time: 00:03:54

Health: -1/41      AC:  1    Str: 14    XL:     6   Next: 5%
Magic:  6/6        EV: 13    Int: 11    God:
Gold:   20         SH:  0    Dex: 14    Spells: 5/5 levels left

rFire   . . .        g - +1 dagger (elec)
rCold   . . .        (no shield)
rNeg    . . .        (helmet currently unavailable)
rPois   .            (no amulet)
rElec   .            (no ring)
rCorr   .            (no ring)
SInv    .            (no ring)
Will    .....        (no ring)
Stlth   ++           (no ring)
HPRegen 0.26/turn    (no ring)
MPRegen 0.10/turn    (no ring)
                     (no ring)

%: no passive effects
@: beast-form
A: beast (slay +3), almost no armour, amphibious, 8 rings, camouflage 1,
gelatinous body 1, (nimble swimmer 1), tentacles
a: Begin Untransformation


You were on level 3 of the Dungeon.
You were a hulking beast.
You visited 1 branch of the dungeon, and saw 3 of its levels.

You collected 53 gold pieces.
You spent 33 gold pieces at shops.

Inventory:

Hand Weapons
 g - a +1 dagger of electrocution (weapon)
Talismans
 b - a beast talisman (active)
Scrolls
 e - 5 scrolls of teleportation {unknown}
 i - a scroll of identify {unknown}
 k - a scroll of noise {unknown}
 l - a scroll of fear {unknown}
Potions
 a - 2 potions of lignification
 c - a potion of brilliance {unknown}
 d - a potion of degeneration {unknown}
 f - 2 potions of heal wounds {unknown}
 h - a potion of cancellation {unknown}
 j - a potion of magic {unknown}
 m - a potion of curing


   Skills:
 + Level 2.8 Fighting
 - Level 2.5 Dodging
 + Level 4.1 Unarmed Combat
 * Level 4.3 Shapeshifting


You had 5 spell levels left.
You didn't know any spells.
Your spell library contained the following spells:

 Spells                   Type           Power      Damage    Failure   Level
 Slow                     Hex            0%         N/A       34%         1
 Poisonous Vapours        Pois/Air       0%         N/A       47%         2
 Confusing Touch          Hex            0%         N/A       71%         3
 Mephitic Cloud           Conj/Pois/Air  0%         N/A       71%         3
 Ozocubu's Armour         Ice            0%         N/A       71%         3
 Vampiric Draining        Necr           0%         2d6       71%         3
 Freezing Cloud           Conj/Ice/Air   0%         6-21      100%        5
 Metabolic Englaciation   Hex/Ice        0%         N/A       100%        5
 Simulacrum               Ice/Necr       0%         N/A       100%        6


Dungeon Overview and Level Annotations

Branches:
Dungeon (3/15)

Altars:

Shops:
D:3 !


Innate Abilities, Weirdness & Mutations

You are a hulking beast.
Your limbs bulge with bestial killing power. (Slay +3)
You cannot wear most types of armour.
You are amphibious.
You can wear up to eight rings at the same time.
Your skin changes colour to match your surroundings (Stealth+).
Your rubbery body absorbs attacks. (AC +1, EV +1)
((You are camouflaged when in or above water. (Stealth+)))
You have tentacles for arms and can constrict up to eight enemies at once.


Message History

An orc priest comes into view. It is wielding a +0 club.
An orc comes into view. It is wielding a +0 flail.
The orc shouts!
The orc moves out of view.
An orc priest is nearby!
An orc priest comes into view. It is wielding a +0 short sword.
The orc throws a boomerang.
The boomerang hits you.
An orc wizard and an orc come into view.
Found a coppery potion.
The orc throws a boomerang.
The boomerang misses you.
Found a stone staircase leading up.
The orc shouts!
You barely miss the orc.
The orc priest shouts!
The orc wizard shouts!
The orc priest shouts!
Your grab misses the orc. The orc barely misses you.
You barely miss the orc priest. Your grab misses the orc priest.
The orc hits you with a +0 flail. The orc priest hits you with a +0 club.
You barely miss the orc priest. You grab the orc priest.
You squeeze the orc priest.
The orc priest is moderately wounded.
You constrict the orc priest. The orc completely misses you.
The orc priest hits you with a +0 club. The orc priest closely misses you.
You hit the orc priest.
The orc priest is heavily wounded.
You constrict the orc priest. The orc hits you with a +0 flail!
The orc barely misses you. The orc priest closely misses you.
The orc wizard gestures wildly while chanting.
The orc wizard flickers and vanishes!
Deactivating autopickup; reactivate with Ctrl-A.
You hit the orc priest.
Lightning courses through the orc priest!
You kill the orc priest!
The orc priest mumbles some strange prayers to Beogh against you.
You barely resist. The orc hits you with a +0 flail!
* * * LOW HITPOINT WARNING * * *
The orc hits you with a +0 mace.
* * * LOW HITPOINT WARNING * * *
You hear some strange, mumbled words.
A puff of flame appears from out of thin air!
The puff of flame hits you!
You die...

# # ######......########## #
#........##.##........ #
#........##.##........ #
#........##.##........ #
#........##.##......!. #
#........##.##........ #
#........##.##oo{..... #
#.............h.......
###........#.###o).....<
........<..#.# #........
#####.##.###.###........ #
#......... ..######.##
############## #.# ..###
..........>#####.#######...#
............#..............#
............#.)............#


You could see an orc priest and 2 orcs.

Vanquished Creatures
  The ghost of paps the Changeling, an amateur OpSh (D:3)
  An orc priest (D:3)
  Jessica (D:2)
  Robin (D:2)
  3 adders
  2 worms (D:3)
  A dart slug (D:1)
  5 orcs (D:3)
  3 bats
  9 endoplasms
  8 giant cockroaches
  18 goblins
  3 hobgoblins
  A jackal (D:3)
  4 kobolds
  2 quokkas (D:1)
  6 ball pythons
  5 frilled lizards
  2 rats
76 creatures vanquished.

Notes
Turn   | Place    | Note
-------+----------+-------------------------------------------
     0 | D:1      | Ethylacetat the Octopode Shapeshifter began the quest for
                  | the Orb.
     0 | D:1      | Reached XP level 1. HP: 13/13 MP: 1/1
   106 | D:1      | Found a faded altar of an unknown god.
   111 | D:1      | Reached XP level 2. HP: 17/18 MP: 2/2
   385 | D:1      | Reached XP level 3. HP: 20/23 MP: 3/3
   752 | D:2      | Noticed Robin
   857 | D:2      | Killed Robin
   858 | D:2      | Reached XP level 4. HP: 28/29 MP: 4/4
  1039 | D:2      | Noticed Jessica
  1043 | D:2      | Killed Jessica
  1261 | D:2      | Reached XP level 5. HP: 34/34 MP: 5/5
  1647 | D:3      | Found a runed translucent gate.
  1647 | D:3      | Found a runed translucent gate.
  1649 | D:3      | Found a runed translucent gate.
  1655 | D:3      | Noticed paps's ghost (amateur OpSh)
  1677 | D:3      | Killed paps's ghost
  1793 | D:3      | Reached XP level 6. HP: 37/41 MP: 6/6
  1839 | D:3      | Found Deihe's Distillery.
  1857 | D:3      | Bought a potion of curing for 33 gold pieces
  1913 | D:3      | Killed from afar by an orc wizard

Illustrated notes

Levels and vault maps discovered:
D:1:      lightli_arrival_chessboard, layout_loops_ring,
          ebering_ecumenical_altar_box, st_stairs_1, hex_tiny,
          minmay_pentomino_w2
D:2:      layout_basic, minmay_misc_feat_room, uniq_jessica, uniq_robin
D:3:      wander_river, layout_basic, gammafunk_ghost_split, serial_shops, shop

Skill      XL: |  1  2  3  4  5 |
---------------+----------------+-----
Fighting       | 2 |  2.8
Unarmed Combat | 4 |  4.1
Shapeshifting  | 4 |  4.3
Dodging        | |  2.5

Action                     |  1- 3 |  4- 6 || total
---------------------------+-------+-------++-------
  Melee: Unarmed           |    66 |       ||    66
         Tentacles         |    19 |    12 ||    31
         Constrict         |    14 |    18 ||    32
         Dagger            |       |    69 ||    69
         Punch             |       |     3 ||     3
   Stab: Sleeping          |     8 |     3 ||    11
 Armour: Skin              |     3 |     5 ||     8
  Dodge: Dodged            |    31 |    36 ||    67

Table legend: (Time is in decaauts)
 A = Elapsed time spent in this place.
 B = Non-inter-level travel time spent in this place.
 C = Inter-level travel time spent in this place.
 D = Time resting spent in this place.
 E = Time spent auto-exploring this place.
 F = Levels seen in this place.
 G = Mean time per level.
                   A        B        C        D        E       F      G
               +--------+--------+--------+--------+--------+-----+--------+
         Total |   1909 |   1874 |     35 |     68 |   1410 |   3 |  636.3 |
       Dungeon |   1909 |   1874 |     35 |     68 |   1410 |   3 |  636.3 |
               +--------+--------+--------+--------+--------+-----+--------+

Top non-repeatable levels by time:
     D:1: 821 daAuts
     D:2: 773 daAuts
     D:3: 314 daAuts
